 Dungeon Crawl Stone Soup version 0.31.0-32-g396128a36d (webtiles) character file.

Game seed: 1586051411491257895

36156 gohu the Thaumaturge (level 14, -1/105 HPs)
             Began as a Djinni Fire Elementalist on Mar 11, 2024.
             Was the Champion of Makhleb.
             Slain by an elephant (4 damage)
             ... on level 5 of the Lair of Beasts.
             The game lasted 00:43:41 (14994 turns).

gohu the Thaumaturge (Djinni Fire Elementalist)    Turns: 14994, Time: 00:43:42

Health: -1/105     AC:  8    Str: 15    XL:     14   Next: 22%
Gold:   1190       EV: 17    Int: 26    God:    Makhleb [******] SH: 11 Dex: 13

rFire   + . .        j - +8 whip of Premature Burial {vamp, rF- rC+ Will+++ Int+3}
rCold   + . .        H - +0 kite shield
rNeg    . . .        L - +2 leather armour of True Grit {rC+}
rPois   ∞            D - +0 helmet
rElec   .            K - +0 cloak
rCorr   .            (no gloves)
SInv    .            (boots unavailable)
Will    ++++.        x - amulet "Qussolil" {Faith Str+2}
Stlth   ++           c - +6 ring of strength
HPRegen 0.37/turn    I - +5 ring of evasion
MPRegen 0.00/turn

%: faith, infuse magic (-2 HP)
@: flying, hasted, very quick
A: sickness immunity, fire resistance 2, cold vulnerability 1, float, innate
caster, HP casting, extra vitality 1
a: Renounce Religion, Minor Destruction, Lesser Servant of Makhleb, Major
Destruction, Greater Servant of Makhleb


You were on level 5 of the Lair of Beasts.
You worshipped Makhleb.
Makhleb was exalted by your worship.
You visited 3 branches of the dungeon, and saw 16 of its levels.

You collected 1190 gold pieces.

Inventory:

Hand Weapons
 j - the +8 whip of Premature Burial (weapon) {vamp, rF- rC+ Will+++ Int+3}
   (You found it on level 2 of the Dungeon)

   Int+3:     It affects your intelligence (+3).
   rF-:       It makes you vulnerable to fire.
   rC+:       It protects you from cold.
   Will+++:   It greatly increases your willpower.
Missiles
 s - 2 throwing nets
Armour
 a - a +0 robe
 D - a +0 helmet (worn)
 H - a +0 kite shield (worn)
 K - a +0 cloak (worn)
 L - the +2 leather armour of True Grit (worn) {rC+}
   (You found it on level 7 of the Dungeon)

   rC+:       It protects you from cold.
Magical Staves
 v - a staff of alchemy
Jewellery
 b - a ring of ice
 c - a +6 ring of strength (left hand)
 d - a ring of willpower
 f - an amulet of reflection
 h - a ring of ice
 x - the amulet "Qussolil" (around neck) {Faith Str+2}
   (You found it on level 4 of the Dungeon)

   [amulet of faith]

   Faith:     It allows you to gain divine favour quickly.
   Str+2:     It affects your strength (+2).
 G - a ring of ice
 I - a +5 ring of evasion (right hand)
 Y - the amulet of the Saviour {*Slow rElec Regen+ rCorr Str+5}
   (You found it on level 4 of the Lair of Beasts)

   [amulet of regeneration]

   Str+5:     It affects your strength (+5).
   rElec:     It insulates you from electricity.
   Regen+:    It increases your rate of health regeneration.
   rCorr:     It protects you from acid and corrosion.
   *Slow:     It may slow you when you take damage.
Talismans
 Z - a storm talisman
Wands
 w - a wand of paralysis (9)
 F - a wand of mindburst (7)
 M - a wand of flame (55)
 N - a wand of polymorph (11)
 P - a wand of iceblast (7)
 T - a wand of acid (3)
 X - a wand of digging (3)
Scrolls
 e - 2 scrolls of brand weapon
 g - 2 scrolls of enchant weapon {unknown}
 k - 7 scrolls of immolation {unknown}
 l - 2 scrolls of blinking
 o - 4 scrolls of vulnerability {unknown}
 p - 2 scrolls of revelation {unknown}
 q - 4 scrolls of amnesia {unknown}
 t - 3 scrolls of fog {unknown}
 y - 7 scrolls of teleportation
 A - 3 scrolls of poison {unknown}
 B - a scroll of enchant armour {unknown}
 E - 3 scrolls of noise {unknown}
 R - 3 scrolls of identify
 U - a scroll of fear {unknown}
Potions
 i - a potion of haste
 n - 3 potions of curing
 r - 2 potions of lignification
 u - 4 potions of mutation
 z - 4 potions of brilliance
 C - a potion of might
 J - 3 potions of degeneration
 Q - a potion of magic {unknown}
 S - 2 potions of enlightenment {unknown}
 V - 2 potions of attraction {unknown}
 W - 2 potions of invisibility {unknown}
Miscellaneous
 O - a phial of floods


   Skills:
 * Level 11.4 Fighting
 + Level 4.8 Armour
 + Level 5.8 Dodging
 - Level 1.5 Stealth
 - Level 9.7 Shields
 + Level 11.6 Spellcasting
 + Level 11.6 Conjurations
 + Level 11.6 Hexes
 + Level 11.6 Summonings
 + Level 11.6 Necromancy
 + Level 11.6 Translocations
 + Level 11.6 Fire Magic
 + Level 11.6 Ice Magic
 + Level 11.6 Air Magic
 + Level 11.6 Earth Magic
 + Level 11.6 Alchemy
 * Level 9.3 Invocations


You knew the following spells:

 Your Spells              Type           Power      Damage    Failure   Level
a - Foxfire               Conj/Fire      100%       2x1d9     1%          1
b - Scorch                Fire           100%       2d9       1%          2
c - Flame Wave            Conj/Fire      66%        2d15      1%          4
d - Mephitic Cloud        Conj/Alch/Air  66%        N/A       1%          3
e - Volatile Blastmotes   Fire/Tloc      100%       2d18      1%          3
f - Shock                 Conj/Air       100%       1d9       1%          1
g - Call Imp              Summ           100%       N/A       1%          2
h - Inner Flame           Hex/Fire       66%        N/A       1%          3
i - Iskenderun's Mystic   Conj/Tloc      66%        2d14      1%          4
j - Leda's Liquefaction   Alch/Erth      33%        N/A       1%          4
k - Summon Mana Viper     Hex/Summ       66%        N/A       2%          5
Your spell library was empty.

Dungeon Overview and Level Annotations

Branches:
Dungeon (10/15)            Temple (1/1) D:4            Lair (4/5) D:8
 Shoals (0/4) Lair:3        Snake (0/4) Lair:3          Orc (0/2) D:10
  Slime: Lair:4-5

Altars:
Ashenzari
Cheibriados
Dithmenos
Elyvilon
Fedhas
Gozag
Hepliaklqana
Makhleb
Nemelex Xobeh
Okawaru
Qazlal
Ru
Trog
Uskayaw
Wu Jian
Xom
Yredelemnul
Zin
The Shining One

Shops:
D:6 **

Annotations:
D:10 Fannar


Innate Abilities, Weirdness & Mutations

You are immune to sickness and miasma.
You are immune to poison.
Your flesh is very heat resistant. (rF++)
You are vulnerable to cold. (rC-)
You float through the air rather than walking.
You learn spells naturally, not from books.
Your magical power is your life essence.
You have superior vitality. (+4 MHP)


Message History

The large abomination hits you but does no damage.
The elephant trumpets!
You hit the large abomination.
The large abomination is heavily damaged.
The large abomination hits you but does no damage.
You hit the large abomination.
The large abomination is severely damaged.
You block the large abomination's attack.
The blink frog blinks!
The large abomination hits you!
* * * LOW HITPOINT WARNING * * *
You hit the large abomination but do no damage.
The large abomination is severely damaged.
An elephant comes into view.
The large abomination hits you!!
* * * LOW HITPOINT WARNING * * *
You feel much better.
The blink frog blinks!
You block the large abomination's attack.
You barely miss the large abomination.
The large abomination is severely damaged.
A redback comes into view.
The elephant tramples you!
* * * LOW HITPOINT WARNING * * *
You block the elephant's attack. The large abomination hits you!
* * * LOW HITPOINT WARNING * * *
You feel much better.
You feel less wooden.
Your +0 cloak unmelds from your body.
Your +0 helmet unmelds from your body.
The +2 leather armour of True Grit {rC+} unmelds from your body.
The elephant tramples you but does no damage.
You block the elephant's attack.
You block the large abomination's attack.
You feel yourself speed up. You block the elephant's attack.
The elephant closely misses you.
An elephant comes into view.
The large abomination hits you!!
* * * LOW HITPOINT WARNING * * *
The large abomination attacks as it pursues you!
You block the large abomination's attack.
The elephant tramples you.
You die...

........[P.....(####
##..........#......####
..........#......[...##
##......##.##....##....#
...............###...##
............#..####.##
...Y#####.# #.#
.......#.# #.# ###
........@###.## ##.#
..P...YYX#....# ###...
P.#...##†F..## ###.....
.......§.#..# #.....♣♣
###....#s#..## ##...♣♣♣
##..##...††# #...♣♣
##..##.##..###...♣
#.......§.#.###.♣♣
##....†.#x#.#...♣


You could see 3 elephants, a large abomination and a redback.

Vanquished Creatures
  3 death yaks (Lair:2)
  A thrashing horror (Lair:5)
  A skyshark (Lair:5)
  5 lindwurms
  5 elephants
  A water nymph (Lair:3)
  Maggie (D:6)
  7 cane toads
  An unseen horror (D:9)
  2 rime drakes (Lair:5)
  5 komodo dragons
  A polar bear (Lair:5)
  2 trolls (D:10)
  A hornet (D:10)
  11 blink frogs
  22 dream sheep
  8 wyverns
  A vampire (D:10)
  A wraith (D:9)
  33 yaks
  2 basilisks
  5 humans (D:9)
  18 water moccasins
  Duvessa (D:4)
  A swamp drake (D:8)
  2 orc warriors
  3 elephant zombies (D:8)
  4 sky beasts
  An ice beast (D:8)
  2 small abominations (Lair:5)
  10 wolves
  3 centaurs
  4 kobold brigands
  A phantom (D:7)
  15 bullfrogs
  7 scorpions
  2 elf zombies (D:8)
  12 wights
  Dowan (D:4)
  14 killer bees
  An electric eel (D:6)
  2 lava snakes (Lair:3)
  4 orc priests
  4 hounds
  2 gnoll boudas (D:5)
  A human zombie (D:8)
  2 jellies
  6 iguanas
  4 orc wizards
  A sleepcap (D:5)
  4 scorpion zombies (D:8)
  3 hound zombies (D:8)
  A howler monkey zombie (D:8)
  12 gnolls
  5 adders
  A white imp (D:7)
  An ufetubus (D:6)
  An adder zombie (D:8)
  5 dart slugs
  4 ribbon worms
  18 orcs
  6 bats
  4 endoplasms
  2 giant cockroaches
  7 goblins
  5 hobgoblins
  4 jackals (D:1)
  23 kobolds
  4 quokkas
  7 ball pythons
  A frilled lizard (D:2)
  2 rats
367 creatures vanquished.

Vanquished Creatures (collateral kills)
  A boulder beetle (Lair:5)
  A catoblepas (Lair:3)
  A salamander (Lair:3)
  A large abomination (Lair:5)
  A basilisk (Lair:3)
  2 small abominations (Lair:5)
  A lava snake (Lair:3)
  3 foxfires (Lair:5)
11 creatures vanquished.

Vanquished Creatures (others)
  668 foxfires
668 creatures vanquished.

Grand Total: 1046 creatures vanquished

Notes
Turn   | Place    | Note
-------+----------+-------------------------------------------
     0 | D:1      | gohu the Djinni Fire Elementalist began the quest for the
                  | Orb.
     0 | D:1      | gohu set off with the following spells memorised: Foxfire,
                  | Scorch, Volatile Blastmotes, Inner Flame, Flame Wave.
     0 | D:1      | Reached XP level 1. HP: 15/15 MP: 0/0
   104 | D:1      | Reached XP level 2. HP: 20/21 MP: 0/0
   269 | D:1      | Found a faded altar of an unknown god.
   748 | D:1      | Reached XP level 3. HP: 23/25 MP: 0/0
   748 | D:1      | Learned a level 1 spell: Shock
  1049 | D:2      | Identified the +8 whip of Premature Burial {vamp, rF- rC+
                  | Will+++ Int+3}
  1396 | D:3      | Noticed a scorpion
  1439 | D:3      | Killed a scorpion
  1440 | D:3      | Reached XP level 4. HP: 26/31 MP: 0/0
  1440 | D:3      | Reached XP level 5. HP: 30/35 MP: 0/0
  1440 | D:3      | Learned a level 2 spell: Call Imp
  2167 | D:4      | Found a staircase to the Ecumenical Temple.
  2207 | Temple   | Entered the Ecumenical Temple
  2263 | Temple   | Became a worshipper of Makhleb the Destroyer
  2343 | D:4      | Reached skill level 5 in Spellcasting
  2343 | D:4      | Reached skill level 5 in Conjurations
  2343 | D:4      | Reached skill level 5 in Hexes
  2343 | D:4      | Reached skill level 5 in Summonings
  2343 | D:4      | Reached skill level 5 in Necromancy
  2343 | D:4      | Reached skill level 5 in Translocations
  2343 | D:4      | Reached skill level 5 in Fire Magic
  2343 | D:4      | Reached skill level 5 in Ice Magic
  2343 | D:4      | Reached skill level 5 in Air Magic
  2343 | D:4      | Reached skill level 5 in Earth Magic
  2343 | D:4      | Reached skill level 5 in Alchemy
  2347 | D:4      | Noticed Duvessa
  2384 | D:4      | Noticed Dowan
  2397 | D:4      | Killed Duvessa
  2398 | D:4      | Reached XP level 6. HP: 32/40 MP: 0/0
  2403 | D:4      | Killed Dowan
  2569 | D:4      | Reached XP level 7. HP: 41/45 MP: 0/0
  2569 | D:4      | Learned a level 3 spell: Mephitic Cloud
  2887 | D:4      | Identified the amulet "Qussolil" {Faith Str+2}
  3052 | D:5      | Entered Level 5 of the Dungeon
  3392 | D:5      | Reached * piety under Makhleb
  3998 | D:6      | Reached XP level 8. HP: 45/50 MP: 0/0
  4493 | D:6      | Identified the +4 rapier "Mior" {flame, Dex+3}
  4499 | D:6      | Noticed Maggie
  4713 | D:6      | Killed Maggie
  4723 | D:5      | Reached XP level 9. HP: 15/55 MP: 0/0
  4723 | D:5      | Learned a level 4 spell: Iskenderun's Mystic Blast
  4873 | D:6      | Reached ** piety under Makhleb
  5226 | D:6      | Found Wefiunn's Elemental Accessories.
  5306 | D:6      | Found a broken altar of Ashenzari.
  5406 | D:6      | Found Zele Gai's Fire Supplies.
  5673 | D:6      | Reached skill level 1 in Shields
  5879 | D:7      | Reached skill level 1 in Fighting
  6233 | D:7      | Reached *** piety under Makhleb
  6234 | D:7      | Reached XP level 10. HP: 59/65 MP: 0/0
  6501 | D:7      | Identified the +2 leather armour of True Grit {rC+}
  6747 | D:8      | Reached skill level 10 in Spellcasting
  6747 | D:8      | Reached skill level 10 in Conjurations
  6747 | D:8      | Reached skill level 10 in Hexes
  6747 | D:8      | Reached skill level 10 in Summonings
  6747 | D:8      | Reached skill level 10 in Necromancy
  6747 | D:8      | Reached skill level 10 in Translocations
  6747 | D:8      | Reached skill level 10 in Fire Magic
  6747 | D:8      | Reached skill level 10 in Ice Magic
  6747 | D:8      | Reached skill level 10 in Air Magic
  6747 | D:8      | Reached skill level 10 in Earth Magic
  6747 | D:8      | Reached skill level 10 in Alchemy
  6844 | D:8      | Reached skill level 5 in Shields
  7292 | D:8      | Noticed a komodo dragon
  7301 | D:8      | Killed a komodo dragon
  7304 | D:8      | Reached **** piety under Makhleb
  7549 | D:8      | Found a staircase to the Lair.
  8216 | D:9      | Reached skill level 5 in Fighting
  8219 | D:9      | Reached XP level 11. HP: 60/75 MP: 0/0
  8219 | D:9      | Learned a level 4 spell: Leda's Liquefaction
  9037 | D:10     | Entered Level 10 of the Dungeon
  9308 | D:10     | Found a staircase to the Orcish Mines.
  9315 | D:10     | Noticed a two-headed ogre
  9659 | D:9      | HP: 2/77 [something (2)]
 10028 | D:10     | Reached ***** piety under Makhleb
 10036 | D:10     | Noticed Fannar
 10281 | Lair:1   | Entered Level 1 of the Lair of Beasts
 10300 | Lair:1   | Reached skill level 1 in Invocations
 10374 | Lair:1   | Noticed an elephant
 10405 | D:8      | Killed an elephant
 10616 | Lair:1   | Noticed an elephant
 10617 | Lair:1   | Reached XP level 12. HP: 75/85 MP: 0/0
 10655 | Lair:1   | Reached skill level 5 in Invocations
 11827 | Lair:2   | Noticed a death yak
 11829 | Lair:2   | Noticed a death yak
 11830 | Lair:2   | Noticed a death yak
 11842 | Lair:2   | Killed a death yak
 11843 | Lair:2   | Reached skill level 1 in Armour
 11846 | Lair:2   | Killed a death yak
 11847 | Lair:2   | Killed a death yak
 11848 | Lair:2   | Reached XP level 13. HP: 85/94 MP: 0/0
 11848 | Lair:2   | Learned a level 5 spell: Summon Mana Viper
 12588 | Lair:3   | Reached skill level 10 in Fighting
 12589 | Lair:3   | Reached ****** piety under Makhleb
 13021 | Lair:3   | Noticed a catoblepas
 13037 | Lair:3   | HP: 1/96 [catoblepas (30)]
 13038 | Lair:3   | Killed a catoblepas
 13259 | Lair:3   | Found a staircase to the Shoals.
 13634 | Lair:3   | Found a staircase to the Snake Pit.
 14204 | Lair:4   | Reached skill level 5 in Dodging
 14431 | Lair:4   | Identified the amulet of the Saviour {*Slow rElec Regen+
                  | rCorr Str+5}
 14566 | Lair:4   | You are sucked into a shaft and drop 1 floor!
 14566 | Lair:5   | Entered Level 5 of the Lair of Beasts
 14578 | Lair:5   | Reached XP level 14. HP: 73/105 MP: 0/0
 14989 | Lair:5   | HP: 4/157 [large abomination (24)]
 14994 | Lair:5   | Slain by an elephant

Illustrated notes

Levels and vault maps discovered:
D:1:      mainiacjoe_arrival_reflecting_pool, layout_basic,
          hellmonk_ecumenical_altar_pennies_from_heaven
D:2:      layout_basic
D:3:      layout_rooms
D:4:      layout_loops_ring, minmay_temple_entry_mist, minmay_misc_feat_hallway,
          kennysheep_dice, uniq_duvessa
D:5:      layout_gridville
D:6:      layout_rooms, evilmike_ruin_ashenzari, nicolae_shop_fire_sale
          [nicolae_sub_dead_trees], chequers_jeans, nicolae_elemental_shop,
          amcnicky_mini_pool_medium, uniq_maggie
D:7:      layout_cave_pools, chequers_serial_rivers_room_b
D:8:      layout_basic, erik_lair_dragon, minmay_misc_feat_rugged, st_stairs_9,
          roadster_capsule_ark_zombie
D:9:      layout_irregular_city, serial_glass, glass_columns_c, glass_columns_a,
          minmay_ruffians
D:10:     cheibrodos_barr_body, layout_long_grid, orc_0_dummy,
          dreamdust_gnoll_shepherd, uniq_fannar
Temple:   mainiacjoe_temple_starburst
Lair:1:   layout_chaotic_city, chequers_serial_rivers_micro_a,
          grunt_megastairs_3
Lair:2:   layout_chaotic_city, beast_lair_carwin_7, grunt_megastairs_5
Lair:3:   layout_regular_city, nicolae_shoals_entry_flooding,
          nicolae_snake_entry_warm_welcome
Lair:4:   layout_concentric_octagons, minmay_lindwurm_lava, serial_bayou_shore_b
Lair:5:   hellmonk_lair_end_abyssal_woods, layout_loops_ring,
          minmay_slime_entry_eyes, uniq_rupert

Skill      XL: |  1  2  3  4  5  6  7  8  9 10 11 12 13 14 |
---------------+-------------------------------------------+-----
Spellcasting   | 4 5 6 7 8 9 10 11 | 11.6
Conjurations   | 4 5 6 7 8 9 10 11 | 11.6
Hexes          | 4 5 6 7 8 9 10 11 | 11.6
Summonings     | 4 5 6 7 8 9 10 11 | 11.6
Necromancy     | 4 5 6 7 8 9 10 11 | 11.6
Translocations | 4 5 6 7 8 9 10 11 | 11.6
Fire Magic     | 4 5 6 7 8 9 10 11 | 11.6
Ice Magic      | 4 5 6 7 8 9 10 11 | 11.6
Air Magic      | 4 5 6 7 8 9 10 11 | 11.6
Earth Magic    | 4 5 6 7 8 9 10 11 | 11.6
Alchemy        | 4 5 6 7 8 9 10 11 | 11.6
Shields        | 4 7 9 |  9.7
Fighting       | 2 5 7 9 11 | 11.4
Invocations    | 3 6 8 9 |  9.3
Armour         | 1 4 |  4.8
Dodging        | 3 5 |  5.8
Stealth        | |  1.5

Action                     |  1- 3 |  4- 6 |  7- 9 | 10-12 | 13-15 || total
---------------------------+-------+-------+-------+-------+-------++-------
  Melee: Whip              |     9 |     6 |     3 |    13 |    36 ||    67
   Cast: Foxfire           |    54 |    56 |    91 |   119 |    88 ||   408
         Scorch            |     1 |     6 |    16 |    17 |     8 ||    48
         Volatile Blastmot |       |     2 |    11 |    19 |     4 ||    36
         Flame Wave        |       |       |    28 |    97 |    52 ||   177
         Iskenderun's Myst |       |       |       |     6 |     8 ||    14
         Mephitic Cloud    |       |       |       |     8 |       ||     8
         Call Imp          |       |       |       |     2 |     1 ||     3
         Leda's Liquefacti |       |       |       |     1 |       ||     1
         Inner Flame       |       |       |       |     1 |       ||     1
         Summon Mana Viper |       |       |       |       |     5 ||     5
 Invoke: Lesser Servant of |       |       |       |       |     3 ||     3
    Use: Scroll            |       |       |       |    11 |       ||    11
         Potion            |       |       |       |     1 |     5 ||     6
   Stab: Sleeping          |     2 |       |       |       |       ||     2
 Armour: Robe              |    19 |     7 |    47 |       |       ||    73
         Leather armour    |       |       |       |   132 |    65 ||   197
         Skin              |       |       |       |       |    19 ||    19
  Dodge: Dodged            |    22 |     7 |    23 |    82 |    78 ||   212
  Block: Other             |     1 |     3 |     2 |       |       ||     6
         Kite shield       |       |       |     4 |    86 |    81 ||   171
